 Dungeon Crawl Stone Soup version 0.31.0-9-g3a7656b989 (webtiles) character file.

Game seed: 16875958376755423506

268 CaptainMV the Trooper (level 6, 0/78 HPs)
             Began as a Demonspawn Wanderer on Jan 30, 2024.
             Was an Initiate of Sif Muna.
             Succumbed to an ogre zombie's poison
             ... on level 4 of the Dungeon.
             The game lasted 00:15:45 (2174 turns).

CaptainMV the Trooper (Demonspawn Wanderer)         Turns: 2174, Time: 00:15:46

Health: 0/78       AC: 23    Str: 11    XL:     6   Next: 1%
Magic:  6/6        EV:  2    Int: 13    God:    Sif Muna [......]
Gold:   134        SH:  0    Dex: 15    Spells: 1/5 levels left

rFire   + . .        a - +4 falchion
rCold   + . .        (no shield)
rNeg    . . .        k - melded +2 leather armour {rC+}
rPois   +            (helmet currently unavailable)
rElec   +            h - melded +0 cloak
rCorr   +            (gloves currently unavailable)
SInv    .            (boots currently unavailable)
Will    .....        (no amulet)
Stlth   ++           (no ring)
HPRegen 0.33/turn    (no ring)
MPRegen 0.10/turn

%: no passive effects
@: mighty, lethally poisoned (0 -> -24), tree-form, resistant
A: stationary, stasis, torment immunity, boosted hp, (claws 1), (icy blue scales
1), ignite blood 1
a: Renounce Religion


You were on level 4 of the Dungeon.
You worshipped Sif Muna.
Sif Muna was noncommittal.
You were a tree.
You visited 2 branches of the dungeon, and saw 5 of its levels.

You collected 134 gold pieces.

Inventory:

Hand Weapons
 a - a +4 falchion (weapon)
 b - a +0 hand axe
Missiles
 l - 5 darts of dispersal (quivered)
Armour
 d - a +0 robe
 h - a +0 cloak (melded)
 k - a +2 leather armour of cold resistance (melded)
Talismans
 g - a beast talisman
Wands
 i - a wand of roots (2)
Scrolls
 c - a scroll of fear
 j - 2 scrolls of poison
 n - a scroll of revelation


   Skills:
 + Level 5.9 Fighting
 + Level 4.0 Long Blades
 + Level 1.8 Axes
 + Level 1.0 Throwing
 + Level 0.3 Armour
 + Level 1.4 Dodging
 + Level 1.6 Stealth
 + Level 0.4 Spellcasting
 + Level 0.1 Earth Magic


You had one spell level left.
You knew the following spells:

 Your Spells              Type           Power      Damage    Failure   Level
a - Sandblast             Erth           0%         2d4       28%         1
b - Tukima's Dance        Hex            0%         N/A       65%         3

Your spell library contained the following spells:

 Spells                   Type           Power      Damage    Failure   Level
 Magic Dart               Conj           0%         1d3       30%         1
 Blink                    Tloc           0%         N/A       41%         2
 Call Imp                 Summ           0%         N/A       41%         2
 Passwall                 Erth           0%         N/A       63%         3
 Stone Arrow              Conj/Erth      0%         3d7       65%         3
 Brom's Barrelling Bould  Conj/Erth      0%         2d3       96%         4
 Passage of Golubria      Tloc           0%         N/A       96%         4
 Yara's Violent Unravell  Hex/Alch       0%         3d3       100%        5


Dungeon Overview and Level Annotations

Branches:
Dungeon (4/15)             Temple (1/1) D:4

Altars:
Ashenzari
Cheibriados
Dithmenos
Fedhas
Hepliaklqana
Kikubaaqudgha
Makhleb
Nemelex Xobeh
Okawaru
Ru
Sif Muna
Vehumet
Wu Jian
Yredelemnul

Annotations:
D:3 2 transporters, Tizio's ghost, amateur DgFi
D:4 1 transporter


Innate Abilities, Weirdness & Mutations

You are a tree.
Your roots penetrate the ground, keeping you stationary.
You cannot be teleported.
You are immune to unholy pain and torment.
Your maximum health is greatly increased.
Your equipment is partially melded.
((You have sharp fingernails.))
((You are partially covered in icy blue scales. (AC +2)))
Your demonic aura sometimes causes spilled blood to erupt in flames.


Message History

The iguana is engulfed in blazing flames.
You kill the iguana!
Sif Muna accepts your kill.
Your Long Blades skill increases to level 4!
You have reached level 6!
Found a potion of resistance.
There is a transporter here.
You enter the transporter and appear at another place.
e - a potion of resistance You open the gate.
An ogre zombie comes into view.
It is wielding a +0 giant spiked club of venom.
Found a There-And-Back Book, 34 gold pieces and a robe.
Found a transporter.
You hit the ogre zombie.
The ogre zombie is lightly damaged.
The ogre zombie hits you with a +0 giant spiked club of venom.
You are poisoned.
You hit the ogre zombie.
The ogre zombie is lightly damaged.
You feel very sick.
The ogre zombie hits you with a +0 giant spiked club of venom!!
You are lethally poisoned!
You feel better.
An orc warrior zombie comes into view. It is wielding a +2 mace of venom.
Okay, then.
Okay, then.
You turn into a tree.
Your +0 cloak melds into your body.
Your +2 leather armour of cold resistance melds into your body.
You feel less resistant to cold.
Your roots penetrate the ground.
You feel protected.
The ogre zombie hits you with a +0 giant spiked club of venom!
* * * LOW HITPOINT WARNING * * *
You feel very mighty all of a sudden.
The ogre zombie hits you with a +0 giant spiked club of venom!
* * * LOW HITPOINT WARNING * * *
You are lethally poisoned!
You aren't carrying any potions.
You slice the orc warrior zombie!!
The orc warrior zombie is heavily damaged.
You die...

########### #...##...
#○○☼[©$○○○####....##.#
#°☼○$:$○☼○#.[.....)...
#○☼○...☼○○####....####
#°°°○○°○○°# #.....).<
.○☼☼○○° ##...####
###'○☼### ##)##
#○☼ZZ.°☼# #.# ..#
#○.#♣#.○# #.# #..#
#○☼...°°# ..# .....#
#○○#©#☼○# ## .###.# #
#○°°○○°☼# ~~~#.##.#
#○.☼°○.°# .#~#....
######### ..~..#
#(.©..# ..~..##
#.....##### ..~...#
#...#......


You could see an orc warrior zombie and an ogre zombie.

Vanquished Creatures
  Sigmund (D:3)
  An iguana (D:4)
  2 adders
  A gnoll (D:1)
  3 ribbon worms
  6 endoplasms
  3 giant cockroaches
  6 goblins
  3 hobgoblins
  4 kobolds
  2 quokkas
  8 bats
  2 frilled lizards
  2 rats
44 creatures vanquished.

Notes
Turn   | Place    | Note
-------+----------+-------------------------------------------
     0 | D:1      | CaptainMV the Demonspawn Wanderer began the quest for the
                  | Orb.
     0 | D:1      | CaptainMV set off with the following items: a +3 falchion,
                  | a +0 hand axe, a scroll of fear, a +0 robe.
     0 | D:1      | Reached XP level 1. HP: 21/21 MP: 1/1
    30 | D:1      | Gained mutation: You are partially covered in icy blue
                  | scales. (AC +2) [demonic ancestry]
    30 | D:1      | Reached XP level 2. HP: 23/27 MP: 2/2
    61 | D:1      | Learned a level 1 spell: Sandblast
   741 | D:2      | Gained mutation: You have sharp fingernails. [demonic
                  | ancestry]
   741 | D:2      | Reached XP level 3. HP: 33/33 MP: 3/3
  1335 | D:3      | Found a transporter.
  1341 | D:3      | Noticed Tizio's ghost (amateur DgFi)
  1344 | D:3      | Found a transporter.
  1401 | D:3      | Found a sparkling altar of Nemelex Xobeh.
  1541 | D:3      | Noticed Sigmund
  1558 | D:3      | Killed Sigmund
  1559 | D:3      | Reached skill level 1 in Dodging
  1559 | D:3      | Reached skill level 1 in Stealth
  1559 | D:3      | Gained mutation: Your demonic aura sometimes causes spilled
                  | blood to erupt in flames. [demonic ancestry]
  1559 | D:3      | Reached XP level 4. HP: 26/40 MP: 4/4
  1559 | D:3      | Reached XP level 5. HP: 30/46 MP: 5/5
  2055 | D:4      | Learned a level 3 spell: Tukima's Dance
  2098 | D:4      | Found a staircase to the Ecumenical Temple.
  2108 | Temple   | Entered the Ecumenical Temple
  2126 | Temple   | Became a worshipper of Sif Muna the Loreminder
  2152 | D:4      | Found a transporter.
  2158 | D:4      | Reached XP level 6. HP: 43/52 MP: 6/6
  2166 | D:4      | Found a transporter.
  2174 | D:4      | Succumbed to an ogre zombie's poison

Illustrated notes

Levels and vault maps discovered:
D:1:      lightli_arrival_quake, layout_loops_ring, minivault_27,
          kennysheep_doodads
D:2:      cheibrodos_old_hovel, layout_loops_ring, hangedman_decor_growths,
          eino_curves_01
D:3:      layout_loops_ring, mainiacjoe_overflow_surrounded_room,
          gammafunk_ghost_arena, chequers_serial_rivers_small_b, nrook_uturn,
          uniq_sigmund
D:4:      gammafunk_cloud_chamber, layout_loops_ring,
          minmay_temple_entry_water_ring
Temple:   nicolae_temple_great_sept

Skill      XL: |  1  2  3  4  5 |
---------------+----------------+-----
Long Blades    | 2 3 4 |  4.0
Dodging        | 1 |  1.4
Stealth        | 1 |  1.6
Fighting       | |  5.9
Axes           | |  1.8
Throwing       | |  1.0
Armour         | |  0.3
Spellcasting   | |  0.4
Earth Magic    | |  0.1

Action                     |  1- 3 |  4- 6 || total
---------------------------+-------+-------++-------
  Melee: Falchion          |   111 |    19 ||   130
   Cast: Sandblast         |     2 |       ||     2
    Use: Scroll            |     4 |     4 ||     8
         Potion            |       |     4 ||     4
   Stab: Sleeping          |     5 |     1 ||     6
 Armour: Robe              |    68 |       ||    68
         Leather armour    |     5 |    12 ||    17
         Skin              |       |     2 ||     2
  Dodge: Dodged            |    84 |    10 ||    94
